 Dungeon Crawl Stone Soup version 0.28-a0-697-g47f3eba078 (webtiles) character file.

Game seed: 16521629536525018235

921 EiAlmux the Conjurer (level 7, -3/41 HPs)
             Began as a Deep Elf Conjurer on Oct 23, 2021.
             Was an Initiate of Sif Muna.
             Slain by an orc priest (8 damage)
             ... on level 5 of the Dungeon.
             The game lasted 00:08:24 (6200 turns).

EiAlmux the Conjurer (Deep Elf Conjurer)            Turns: 6200, Time: 00:08:25

Health: -3/41      AC:  3    Str:  4    XL:     7   Next: 84%
Magic:  0/17       EV: 13    Int: 25    God:    Sif Muna [......]
Gold:   231        SH:  0    Dex: 13    Spells: 8/17 levels left

rFire   . . .      SeeInvis .   r - +4 dagger
rCold   + . .      Faith    .   (no shield)
rNeg    . . .      Spirit   .   g - +1 robe {rC+}
rPois   .          Reflect  .   n - +0 hat
rElec   .          Harm     .   (no cloak)
rCorr   .          Rampage  .   (no gloves)
Will    .....                   (no boots)
Stlth   +++.......              (no amulet)
HPRegen 0.13/turn               (no ring)
MPRegen 0.15/turn               (no ring)

@: no status effects
A: no striking features
a: Renounce Religion


You were on level 5 of the Dungeon.
You worshipped Sif Muna.
Sif Muna was noncommittal.
You visited 1 branch of the dungeon, and saw 5 of its levels.

You collected 231 gold pieces.

Inventory:

Hand Weapons
 h - a +0 dagger
 r - a +4 dagger (weapon)
Armour
 a - a +0 robe
 g - a +1 robe of cold resistance (worn)
 i - a +0 leather armour
 n - a +0 hat (worn)
 w - a scarf of repulsion
Jewellery
 k - an amulet of guardian spirit
 u - a ring of fire
Wands
 q - a wand of charming (7)
 s - a wand of flame (23)
Scrolls
 b - 6 scrolls of identify {unknown}
 f - 2 scrolls of noise {unknown}
 l - a scroll of immolation {unknown}
 o - 2 scrolls of magic mapping {unknown}
 t - a scroll of teleportation {unknown}
Potions
 c - 2 potions of attraction {unknown}
 d - a potion of magic {unknown}
 e - a potion of heal wounds {unknown}
 j - a potion of brilliance {unknown}
 m - a potion of invisibility {unknown}
 p - a potion of lignification {unknown}
 v - 2 potions of haste {unknown}


   Skills:
 + Level 3.3 Fighting
 + Level 3.4 Dodging
 - Level 5.0 Stealth
 + Level 5.8 Spellcasting
 + Level 6.2 Conjurations
 - Level 4.0 Translocations


You had 8 spell levels left.
You knew the following spells:

 Your Spells              Type           Power      Damage    Failure   Level
a - Magic Dart            Conj           100%       1d8       1%          1
b - Searing Ray           Conj           76%        2d7       1%          2
c - Wereblood             Tmut           7%         N/A       12%         2
d - Iskenderun's Mystic   Conj/Tloc      32%        2d8       10%         4

Your spell library contained the following spells:

 Spells                   Type           Power      Damage    Failure   Level
 Dazzling Flash           Conj/Hex       44%        N/A       6%          3
 Sublimation of Blood     Necr           3%         N/A       12%         2
 Fulminant Prism          Conj/Hex       11%        3d9       22%         4
 Summon Hydra             Summ           3%         N/A       100%        7


Dungeon Overview and Level Annotations

Branches:
Dungeon (5/15)             Temple (0/1) D:5

Altars:
Elyvilon
Sif Muna
Yredelemnul
Zin

Shops:
D:3 =


Message History

You start resting.
You howl as the wereblood boils in your veins!
You start resting.
An orc priest is nearby!
Casting: Searing Ray (safe; 1% risk of failure)
Confirm with . or Enter, or press ? or * to list all spells.
Aiming: Searing Ray (safe; 1% risk of failure)
Press: ? - help, Shift-Dir - straight line, f - orc priest
Aim: an orc priest, wielding a +0 flail and wearing a +0 ring mail (83% to hit)
The searing ray hits the orc priest.
The orc priest is heavily wounded. (Press . to maintain the ray.) Without enough magic to sustain it, your searing ray dissipates.
The orc priest hits you with a +0 flail.
You hit the orc priest but do no damage.
The orc priest is heavily wounded.
Your primal bloodlust has ended.
The orc priest invokes the aid of Beogh against you.
Beogh smites you!
* * * LOW HITPOINT WARNING * * *
Casting: Searing Ray (safe; 1% risk of failure)
Confirm with . or Enter, or press ? or * to list all spells.
You don't have enough magic to cast this spell.
Unknown command.
Casting: Searing Ray (safe; 1% risk of failure)
Confirm with . or Enter, or press ? or * to list all spells.
Aiming: Magic Dart (safe; 1% risk of failure)
Press: ? - help, Shift-Dir - straight line, f/p - orc priest
Aim: an orc priest, wielding a +0 flail and wearing a +0 ring mail (heavily wounded, 100% to hit)
The magic dart hits the orc priest.
The orc priest is severely wounded.
The orc priest hits you with a +0 flail.
* * * LOW HITPOINT WARNING * * *
You hit the orc priest but do no damage.
The orc priest is severely wounded.
The orc priest looks braver for a moment.
You closely miss the orc priest.
The orc priest is severely wounded.
The orc priest hits you with a +0 flail!
You die...

#.........# #.#######.#
#.# #.# #.##### #.####
#.....###.##.##
#.##...##.#...##
#.#............######
###.##...##o#..........
#..........@##.########
#.############.#
#........# #.#
#..#####.# ##'## #..#
#.# ##...##
#..#####.###.....##
#......#.##......)#
##.....#.#........)# #
#.......'........... .


You could see an orc priest.

Vanquished Creatures
  A water moccasin (D:5)
  An ogre (D:5)
  2 centaurs (D:5)
  A phantom (D:4)
  A scorpion (D:4)
  A water moccasin skeleton (D:5)
  A howler monkey (D:3)
  2 jellies (D:4)
  A gnoll shaman (D:4)
  Ijyb (D:4)
  An orc wizard (D:5)
  A killer bee zombie (D:5)
  4 gnolls (D:4)
  9 adders
  A shadow imp (D:5)
  A worm (D:2)
  A dart slug (D:4)
  3 orcs
  7 endoplasms
  3 giant cockroaches
  5 goblins
  7 hobgoblins
  4 jackals (D:3)
  5 kobolds
  4 quokkas
  3 ball pythons
  4 bats
  4 frilled lizards
  6 rats
85 creatures vanquished.

Vanquished Creatures (others)
  7 fungi (D:4)
7 creatures vanquished.

Grand Total: 92 creatures vanquished

Notes
Turn   | Place    | Note
-------+----------+-------------------------------------------
     0 | D:1      | EiAlmux the Deep Elf Conjurer began the quest for the Orb.
     0 | D:1      | Reached XP level 1. HP: 10/10 MP: 6/6
   283 | D:1      | Reached XP level 2. HP: 16/16 MP: 4/8
  1095 | D:2      | Reached skill level 1 in Fighting
  1098 | D:2      | Learned a level 2 spell: Searing Ray
  1181 | D:2      | Reached skill level 1 in Translocations
  1181 | D:2      | Reached XP level 3. HP: 20/20 MP: 5/9
  2033 | D:2      | Reached XP level 4. HP: 25/25 MP: 9/11
  2141 | D:2      | Found a glowing silver altar of Zin.
  2502 | D:3      | Found a basalt altar of Yredelemnul.
  2607 | D:3      | Found a white marble altar of Elyvilon.
  2813 | D:3      | Found Qipne's Jewellery Emporium.
  3328 | D:4      | Noticed Ijyb
  3337 | D:4      | Killed Ijyb
  3338 | D:4      | Reached XP level 5. HP: 25/30 MP: 4/13
  3710 | D:4      | Reached skill level 5 in Conjurations
  4394 | D:4      | Reached XP level 6. HP: 26/36 MP: 9/14
  4922 | D:5      | Entered Level 5 of the Dungeon
  4934 | D:5      | Reached skill level 5 in Spellcasting
  4934 | D:5      | Reached XP level 7. HP: 10/40 MP: 7/16
  5254 | D:5      | Reached skill level 5 in Stealth
  5429 | D:5      | Learned a level 2 spell: Wereblood
  5608 | D:5      | Reached skill level 6 in Conjurations
  5894 | D:5      | Found a shimmering blue altar of Sif Muna.
  5900 | D:5      | Became a worshipper of Sif Muna the Loreminder
  5924 | D:5      | Found a staircase to the Ecumenical Temple.
  5966 | D:5      | Found a glowing silver altar of Zin.
  6183 | D:5      | Learned a level 4 spell: Iskenderun's Mystic Blast
  6200 | D:5      | Slain by an orc priest

Illustrated notes

Levels and vault maps discovered:
D:1:      zelgadis_glass_arrival_small, layout_basic, minmay_close_crescents
D:2:      layout_loops_corners, basic_altar
D:3:      layout_loops_ring, kennysheep_ying_yang, serial_shops,
          nicolae_square_shop
D:4:      layout_loops_corners, serial_aquarium, aquarium_bridge_square
          [aquarium_subvault_bridge, aquarium_subvault_bridge,
          aquarium_subvault_wall, aquarium_subvault_balcony],
          aquarium_bridge_straight [aquarium_subvault_bridge,
          aquarium_subvault_wall, aquarium_subvault_bridge,
          aquarium_subvault_wall], aquarium_window_corridor_3,
          aquarium_window_1, aquarium_view_2e, chequers_serial_rivers_micro_d,
          uniq_ijyb
D:5:      layout_loops_corners, zin_statuary,
          nicolae_kikubaaqudgha_miasma_corner, led_sif_pool,
          minmay_temple_entry_grid

Skill      XL: |  1  2  3  4  5  6  7 |
---------------+----------------------+-----
Fighting       | 1 2 3 |  3.3
Stealth        | 3 4 5 |  5.0
Translocations | 1 2 3 4 |  4.0
Spellcasting   | 4 5 |  5.8
Conjurations   | 5 6 |  6.2
Dodging        | 3 |  3.4

Action                   |  1- 3 |  4- 6 |  7- 9 || total
-------------------------+-------+-------+-------++-------
Melee: Dagger            |       |     2 |     3 ||     5
 Cast: Magic Dart        |    66 |    58 |    16 ||   140
       Searing Ray       |       |    12 |    13 ||    25
       Wereblood         |       |       |     2 ||     2
Armor: Robe              |       |     2 |       ||     2
Dodge: Dodged            |     1 |    10 |    14 ||    25

Table legend: (Time is in decaauts)
 A = Elapsed time spent in this place.
 B = Non-inter-level travel time spent in this place.
 C = Inter-level travel time spent in this place.
 D = Time resting spent in this place.
 E = Time spent auto-exploring this place.
 F = Levels seen in this place.
 G = Mean time per level.
                   A        B        C        D        E       F      G
               +--------+--------+--------+--------+--------+-----+--------+
         Total |   6199 |   6001 |    198 |    300 |   5223 |   5 | 1239.8 |
       Dungeon |   6199 |   6001 |    198 |    300 |   5223 |   5 | 1239.8 |
               +--------+--------+--------+--------+--------+-----+--------+

Top non-repeatable levels by time:
     D:4: 1839 daAuts
     D:2: 1180 daAuts
     D:1: 1092 daAuts
     D:5: 1056 daAuts
     D:3: 1029 daAuts
